 Dungeon Crawl Stone Soup version 0.28.0-49-g6dfe1f597d (webtiles) character file.

Game seed: 5863967124447388108

104 Exodus22XD the Covered (level 4, -4/40 (41) HPs)
             Began as a Minotaur Fighter on May 20, 2022.
             Slain by an orc priest
             ... wielding a +0 hand axe
              (5 damage)
             ... on level 3 of the Dungeon.
             The game lasted 00:01:45 (2281 turns).

Exodus22XD the Covered (Minotaur Fighter)           Turns: 2281, Time: 00:01:46

HP:   -4/40 (41)    AC: 12    Str: 19 (22) XL:     4   Next: 52%
MP:   3/3           EV:  7    Int:  2 (5)  God:
Gold: 86            SH:  4    Dex:  8 (10) Spells: 3/3 levels left

rFire   . . .      SeeInvis .   a - +0 war axe
rCold   . . .      Faith    .   c - +0 buckler
rNeg    . . .      Spirit   .   h - +0 chain mail
rPois   .          Reflect  .   (helmet restricted)
rElec   .          Harm     .   s - +0 cloak
rCorr   .          Rampage  .   (no gloves)
Will    .....                   o - +0 pair of boots
Stlth   ..........              (no amulet)
HPRegen 0.13/turn               (no ring)
MPRegen 0.08/turn               (no ring)

@: hasted, lightly drained, slow
A: horns 2, retaliatory headbutt
a: no special abilities


You were on level 3 of the Dungeon.
You visited 1 branch of the dungeon, and saw 3 of its levels.

You collected 86 gold pieces.

Inventory:

Hand Weapons
 a - a +0 war axe (weapon)
 b - a +0 flail
Armour
 c - a +0 buckler (worn)
 h - a +0 chain mail (worn)
 o - a +0 pair of boots (worn)
 s - a +0 cloak (worn)
Scrolls
 f - a scroll of enchant weapon
 i - a scroll of magic mapping
 k - 2 scrolls of amnesia {unknown}
 l - a scroll of holy word {unknown}
 p - a scroll of teleportation {unknown}
 q - a scroll of blinking {unknown}
 r - 2 scrolls of vulnerability {unknown}
Potions
 d - a potion of might
 e - a potion of attraction {unknown}
 g - a potion of magic
 j - a potion of haste
 m - a potion of degeneration
 n - a potion of berserk rage {unknown}
 t - a potion of flight {unknown}


   Skills:
 + Level 4.3 Fighting
 + Level 3.9 Axes
 + Level 4.7 Armour
 + Level 4.1 Shields


You had 3 spell levels left.
You didn't know any spells.
Your spell library contained the following spells:

 Spells                   Type           Power      Damage    Failure   Level
 Magic Dart               Conj           0%         1d3       100%        1
 Searing Ray              Conj           0%         2d4       100%        2
 Fulminant Prism          Conj/Hex       0%         3d6       100%        4


Dungeon Overview and Level Annotations

Branches:
Dungeon (3/15)

Altars:
Cheibriados


Innate Abilities, Weirdness & Mutations

You have a pair of horns on your head.
You reflexively headbutt those who attack you in melee.


Message History

A spectral kobold comes into view.
Found 24 stones.
The orc priest barely misses you.
The orc priest calls down the wrath of Beogh upon you.
Pain shoots through your body!
The spectral kobold moves out of view.
There are monsters nearby!
Your unstable footing causes you to fumble your attack.
The orc priest invokes the aid of Beogh against you.
Beogh smites you!
* * * LOW HITPOINT WARNING * * *
The orc wizard points at you and mumbles some strange words.
The magic dart hits you but does no damage.
The orc priest hits you with a +0 hand axe.
* * * LOW HITPOINT WARNING * * *
The orc wizard hits you but does no damage.
You feel yourself speed up.
The orc priest hits you with a +0 hand axe.
* * * LOW HITPOINT WARNING * * *
You block the orc wizard's attack. The orc hits you but does no damage.
You hit the orc priest.
The orc priest is moderately wounded.
You hit the orc. You barely miss the orc wizard.
The orc priest hits you with a +0 hand axe.
* * * LOW HITPOINT WARNING * * *
The orc priest casts a cantrip, but nothing happens.
The orc wizard casts a spell at you. You resist with some effort.
The orc hits you but does no damage.
It was a potion of degeneration.
There was something very wrong with that liquid.
You feel weakened.
You feel dopey.
You feel clumsy.
The orc priest calls upon Beogh to heal the orc.
The orc's wounds heal themselves!
Okay, then.
You barely miss the orc priest.
The orc priest is moderately wounded.
You hit the orc but do no damage. You miss the orc wizard.
You block the orc wizard's attack.
Your unstable footing causes you to fumble your attack.
The orc wizard hits you but does no damage.
The orc priest hits you with a +0 hand axe.
You die...

..... #......# .....
#......#
......#......#
≈.≈...>?....#
##≈..#......##
≈≈≈..oo......
#≈ooo(..... #@# #≈#
+.# +.# +.# #≈## ≈.
##..### # ≈≈###.....#
#### #8
#≈≈.≈....##########...


You could see 2 orc priests, 2 orc wizards and an orc.

Vanquished Creatures
  A hound (D:3)
  Robin (D:2)
  2 dart slugs
  4 ball pythons
  5 endoplasms
  12 goblins
  7 hobgoblins
  6 jackals
  7 kobolds
  A quokka (D:1)
  3 bats
  4 frilled lizards
  4 rats
57 creatures vanquished.

Notes
Turn   | Place    | Note
-------+----------+-------------------------------------------
     0 | D:1      | Exodus22XD the Minotaur Fighter began the quest for the
                  | Orb.
     0 | D:1      | Reached XP level 1. HP: 19/19 MP: 0/0
   184 | D:1      | Reached XP level 2. HP: 27/27 MP: 1/1
   577 | D:1      | Reached XP level 3. HP: 33/33 MP: 2/2
  1145 | D:2      | Noticed Robin
  1156 | D:2      | Killed Robin
  1745 | D:2      | Reached XP level 4. HP: 38/40 MP: 3/3
  1970 | D:3      | Found a snail-covered altar of Cheibriados.
  2278 | D:3      | HP: 1/40 [orc priest/+0 hand axe (6)]
  2281 | D:3      | Slain by an orc priest

Illustrated notes

Levels and vault maps discovered:
D:1:      kennysheep_arrival_seaside, layout_loops_ring, hangedman_decor_push
D:2:      layout_loops_ring, uniq_robin
D:3:      layout_basic, kennysheep_slug_shrine, lemuel_coloured_pillars_altar,
          dreamdust_ecumenical_altar_drowned_temple, uniq_jessica

Skill      XL: |  1  2  3 |
---------------+----------+-----
Armour         | 4 |  4.7
Fighting       | 4 |  4.3
Shields        | 4 |  4.1
Axes           | 3 |  3.9

Action                   |  1- 3 |  4- 6 || total
-------------------------+-------+-------++-------
Melee: War axe           |    94 |    20 ||   114
       Headbutt          |    12 |     1 ||    13
  Use: Scroll            |     2 |     2 ||     4
       Potion            |       |     2 ||     2
Armor: Scale mail        |    22 |       ||    22
       Chain mail        |    14 |    15 ||    29
Dodge: Dodged            |    41 |     4 ||    45
Block: Buckler           |    21 |     5 ||    26
